 Dungeon Crawl Stone Soup version 0.22.1-1-ga44c0e5 (webtiles) character file.

317 Lauz the Slasher (level 6, -7/51 HPs)
             Began as a Minotaur Berserker on Oct 28, 2018.
             Was a Believer of Trog.
             Splashed by Pikel's acid (13 damage)
             ... on level 4 of the Dungeon.
             The game lasted 00:13:14 (3808 turns).

Lauz the Slasher (Minotaur Berserker)               Turns: 3808, Time: 00:13:15

Health: -7/51      AC:  1    Str: 24    XL:     6   Next: 20%
Magic:  5/5        EV:  9    Int:  4    God:    Trog [**....]
Gold:   169        SH:  0    Dex:  9    Spells: 5/5 levels left

rFire    . . .     SeeInvis .   k - -3 blowgun (curse)
rCold    . . .     Gourm    .   (no shield)
rNeg     . . .     Faith    .   h - +1 chain mail
rPois    .         Spirit   .   (helmet restricted)
rElec    .         Reflect  .   (no cloak)
rCorr    .         Harm     .   (no gloves)
MR       .....                  j - -2 pair of boots (curse)
Stlth    ..........             (no amulet)
HPRegen  0.17/turn              (no ring)
MPRegen  0.09/turn              (no ring)

@: corroded
A: retaliatory headbutt, horns 2
a: Berserk, Trog's Hand, Renounce Religion


You were on level 4 of the Dungeon.
You worshipped Trog.
Trog was pleased with you.
You were not hungry.

You visited 1 branch of the dungeon, and saw 4 of its levels.

You collected 169 gold pieces.

Inventory:

Hand Weapons
 a - a +0 falchion
 k - a cursed -3 blowgun (weapon)
Missiles
 l - 28 poisoned needles (quivered)
Armour
 b - a +0 animal skin
 h - a +1 chain mail (worn)
 i - a +0 shield
 j - a cursed -2 pair of boots (worn)
 o - a +0 buckler
Scrolls
 e - a scroll of identify
 m - a scroll of fear
Potions
 d - 3 potions of curing {unknown}
 f - 3 potions of flight {unknown}
 g - 3 potions of lignification {unknown}
 n - a potion of magic {unknown}
Comestibles
 c - 7 rations


   Skills:
 - Level 3.6 Fighting
 * Level 7.6 Long Blades
 * Level 1.9 Throwing
 * Level 3.2 Armour
 - Level 2.1 Dodging
 - Level 0.2 Stealth


You had 5 spell levels left.
You didn't know any spells.
Your spell library was empty.

Dungeon Overview and Level Annotations

Branches:
Dungeon (4/15)
 Temple: D:4-7

Altars:
Cheibriados
Dithmenos
Zin

Annotations:
D:4 Pikel


Innate Abilities, Weirdness & Mutations

You reflexively headbutt those who attack you in melee.
You have a pair of horns on your head.


Message History

The poisoned needle barely misses Pikel.
The slave barely misses you.
Firing (i - inventory)
l - 30 poisoned needles (quivered)
Press: ? - help, Shift-Dir - straight line, f/p - slave
Aim: a slave, wearing an animal skin You shoot a poisoned needle.
The poisoned needle hits the slave.
The slave hits you.
Firing (i - inventory)
l - 29 poisoned needles (quivered)
Press: ? - help, Shift-Dir - straight line, f/p - slave
Aim: a slave, wearing an animal skin You shoot a poisoned needle.
The poisoned needle hits the slave.
The slave hits you.
Pikel zaps a wand.
The bolt of acid hits you! The acid corrodes you!
You are splashed with acid!
The acid burns!
* * * LOW HITPOINT WARNING * * *
It is a wand of acid (9).
Pikel zaps a wand.
The bolt of acid hits you!
* * * LOW HITPOINT WARNING * * *
The acid corrodes you!
You are splashed with acid!
The acid burns!
You die...

.................................
..........#####.......#..........
.................................
......#.##.......#....# .........
......#..p.......#....###........
..........pp.....................
...........K.............#.......
...........(.............#.......
.#..........(.p.@........###.##..
.#.......................##...##.
#######................##.....##
##...............#.......#
#..................._....
.................#.......#
##########.####...##.....##
#.........##...##.
#############.##..


You could see Pikel and 4 slaves.

Vanquished Creatures
  A phantom (D:3)
  A worker ant (D:4)
  7 adders
  3 gnolls (D:3)
  An ooze (D:4)
  3 worms
  4 dart slugs
  2 leopard geckos (D:1)
  11 orcs
  6 bats
  5 giant cockroaches
  7 goblins
  7 hobgoblins
  4 jackals (D:3)
  5 kobolds
  A ball python (D:3)
  3 frilled lizards
  7 rats
78 creatures vanquished.

Notes
Turn   | Place    | Note
-------+----------+-------------------------------------------
     0 | D:1      | Lauz the Minotaur Berserker began the quest for the Orb.
     0 | D:1      | Reached XP level 1. HP: 19/19 MP: 0/0
    64 | D:1      | Reached skill level 4 in Long Blades
   120 | D:1      | Reached XP level 2. HP: 20/26 MP: 1/1
   620 | D:2      | Reached skill level 5 in Long Blades
   769 | D:2      | Reached XP level 3. HP: 12/31 MP: 2/2
  1452 | D:2      | Found a snail-covered altar of Cheibriados.
  1751 | D:3      | Reached XP level 4. HP: 32/39 MP: 3/3
  1758 | D:3      | Reached skill level 6 in Long Blades
  1760 | D:3      | Reached ** piety under Trog
  2115 | D:3      | Found a shadowy altar of Dithmenos.
  2159 | D:3      | Noticed a phantom
  2174 | D:3      | Killed a phantom
  2174 | D:3      | Reached skill level 7 in Long Blades
  2174 | D:3      | Reached XP level 5. HP: 16/45 MP: 4/4
  2697 | D:3      | Reached skill level 1 in Throwing
  3243 | D:3      | Reached XP level 6. HP: 21/51 MP: 5/5
  3627 | D:4      | Found a glowing silver altar of Zin.
  3764 | D:4      | Noticed a slave
  3765 | D:4      | Noticed Pikel
  3765 | D:4      | Noticed a slave
  3765 | D:4      | Noticed a slave
  3765 | D:4      | Noticed a slave
  3808 | D:4      | Splashed by Pikel's acid

Skill      XL: |  1  2  3  4  5 |
---------------+----------------+-----
Long Blades    | 4 5 7 |  7.6
Throwing       | 1 |  1.9
Armour         | 3 |  3.2
Fighting       | |  3.6
Dodging        | |  2.1
Stealth        | |  0.2

Action                   |  1- 3 |  4- 6 || total
-------------------------+-------+-------++-------
Melee: Falchion          |    74 |    53 ||   127
       Headbutt          |    11 |    33 ||    44
       Blowgun           |       |   114 ||   114
 Fire: Blowgun           |       |    81 ||    81
  Use: Scroll            |     3 |     1 ||     4
 Stab: Sleeping          |     1 |       ||     1
  Eat: Chunk             |     2 |     7 ||     9
Armor: Animal skin       |    13 |       ||    13
       Chain mail        |       |   121 ||   121
Dodge: Dodged            |    50 |   104 ||   154
       Rpst.: Falchion   |     9 |     5 ||    14
